Map: Abyssal Reef LE

Players

MooEsqoo

  • Race: Zerg Zerg
  • Spawn Location: 5:00

Cheater 1 (Vision) - Winner!

  • Race: Zerg Zerg
  • Spawn Location: 11:00

VOD

Have the link to the VOD?

Description

Time

  • Played on: Dec. 21, 2019, 7:10 a.m.
  • Length: 13:57
Show
View Real Time Build Order
Export as new Build Order

MooEsqoo Zerg 

Build Orders: Hatch First 

Get SALT Encoding   

  12  0:03  Drone  
  13  0:13  Overlord  
  13  0:18  Drone  
  14  0:33  Drone x2  
  16  0:38  Drone  
  17  0:48  Drone  
  18  0:59  Hatchery  
  17  1:04  Drone  
  17  1:10  Extractor  
  17  1:11  Drone  
  18  1:20  Spawning Pool  
  18  1:22  Drone  
  18  1:30  Drone  
  19  1:39  Overlord  
  19  1:59  Drone  
  20  2:08  Zergling x2, Queen  
  21  2:12  Zergling x2  
  21  2:14  Drone  
  21  2:15  Queen  
  27  2:24  Metabolic Boost  
  27  2:38  Hatchery, Drone x2  
  27  2:41  Zergling x2  
  27  2:44  Zergling x2  
  30  2:52  Drone x2  
  32  3:00  Drone x2  
  34  3:12  Queen  
  34  3:18  Overlord  
  36  3:24  Overlord  
  36  3:29  Overlord  
  36  3:36  Queen  
  38  4:04  Zergling x8  
  38  4:06  Drone x6  
  38  4:07  Drone  
  49  4:13  Extractor  
  49  4:14  Extractor  
  47  4:25  Extractor  
  47  4:27  Roach Warren  
  47  4:28  Zergling x6  
  47  4:29  Zergling x2, Drone x2  
  47  4:30  Drone x4  
  55  4:53  Drone x4  
  55  4:54  Drone x2  
  49  5:36  Roach x4  
  49  5:37  Roach x4  
  49  5:39  Overlord x3  
  49  5:40  Overlord x2  
  65  5:51  Lair  
  65  6:10  Roach x4  
  65  6:11  Drone x4  
  74  6:15  Ravager x5  
  82  6:20  Drone x2, Roach x2  
  88  6:42  Roach  
  88  6:43  Drone, Roach x3  
  88  6:44  Drone x4, Evolution Chamber  
  88  6:46  Evolution Chamber  
  99  7:12  Zerg Ground Armor Level 1, Zerg Missile Weapons Level 1, Extractor  
  98  7:17  Extractor, Roach x4  
  98  7:18  Drone  
  98  7:19  Overlord x3  
  98  7:20  Overlord x2  
  98  7:21  Overlord  
  106  7:38  Zergling x2  
  106  7:39  Zergling x6  
  106  7:41  Zergling x4  
  112  7:47  Glial Reconstitution  
  112  7:53  Zergling x2  
  112  7:54  Zergling x14  
  112  7:55  Zergling x2  
  121  8:12  Zergling x6  
  124  8:13  Zergling x2  
  48  9:21  Zergling x2  
  48  9:22  Zergling x6  
  48  9:23  Zergling x12  
  39  9:38  Zergling x4  
  36  9:47  Zergling x4  
  32  9:56  Zergling x4  
  32  10:48  Hatchery, Extractor  
  32  10:49  Extractor  
  29  10:51  Roach  
  29  10:52  Roach x7  
  29  10:53  Roach x5  
  55  10:58  Zerg Missile Weapons Level 2  
  55  10:59  Zerg Ground Armor Level 2  
  55  11:23  Roach x3  
  55  11:24  Roach x3  
  67  11:31  Overlord x2  
  67  11:32  Overlord  
  67  11:33  Overlord x3  
  67  11:55  Ravager x7  
  67  11:56  Ravager x5  
  67  11:58  Roach x6  
  67  11:59  Roach x4  
  69  12:35  Roach  
  69  12:36  Roach x5  
  55  12:48  Ravager  
  55  12:50  Ravager x2  
  58  13:03  Zergling x6  
  58  13:04  Zergling x6  
Show
View Real Time Build Order
Export as new Build Order

Cheater 1 (Vision) Zerg - Winner!

Build Orders: Pool First 

Get SALT Encoding   

  12  0:00  Drone  
  13  0:12  Overlord  
  13  0:16  Drone  
  14  0:30  Drone x2  
  16  0:42  Spawning Pool  
  15  0:45  Drone  
  16  0:50  Drone  
  17  1:15  Hatchery, Drone  
  17  1:18  Extractor  
  17  1:20  Drone  
  17  1:24  Drone  
  18  1:28  Drone  
  19  1:38  Queen  
  21  1:42  Zergling x2  
  22  1:51  Overlord  
  22  2:02  Roach Warren  
  22  2:03  Drone  
  22  2:10  Zergling x2  
  23  2:21  Zergling x2  
  24  2:27  Overlord  
  24  2:43  Roach x3  
  30  2:45  Roach  
  30  2:48  Roach  
  34  2:52  Extractor  
  34  2:53  Drone  
  34  3:03  Drone  
  35  3:09  Overlord  
  35  3:12  Metabolic Boost  
  35  3:13  Drone  
  35  3:16  Drone  
  37  3:22  Overlord  
  37  3:27  Roach  
  37  3:32  Roach  
  41  3:49  Lair  
  41  3:59  Extractor  
  41  4:00  Drone  
  41  4:04  Drone  
  41  4:08  Drone  
  43  4:10  Drone  
  43  4:14  Drone  
  45  4:18  Drone  
  45  4:20  Drone  
  47  4:25  Drone  
  47  4:28  Drone  
  47  4:30  Drone  
  50  4:34  Drone  
  50  4:37  Drone  
  52  4:43  Overlord  
  52  4:46  Drone  
  52  4:48  Drone  
  52  4:49  Hydralisk Den  
  52  4:51  Drone  
  54  4:53  Drone  
  54  4:56  Drone  
  54  4:58  Drone  
  57  5:00  Drone  
  57  5:02  Drone  
  57  5:07  Drone  
  60  5:12  Overlord  
  60  5:17  Drone  
  60  5:23  Hydralisk, Drone  
  60  5:24  Infestation Pit  
  59  5:30  Hydralisk  
  59  5:35  Hydralisk  
  63  5:38  Hydralisk  
  63  5:41  Drone  
  66  5:45  Overlord  
  66  5:47  Drone  
  66  5:49  Drone  
  68  5:55  Drone  
  68  5:56  Roach, Drone  
  72  5:58  Drone  
  72  6:00  Drone  
  74  6:08  Overlord  
  74  6:11  Drone  
  75  6:17  Ravager, Evolution Chamber  
  75  6:19  Drone  
  75  6:21  Drone  
  77  6:27  Hatchery, Infestor, Evolution Chamber  
  77  6:31  Drone  
  78  6:33  Drone  
  78  6:35  Drone  
  78  6:36  Drone  
  81  6:42  Drone  
  81  6:43  Overlord  
  81  6:44  Zerg Missile Weapons Level 1  
  82  6:52  Zerg Ground Armor Level 1  
  82  6:53  Infestor, Roach  
  86  6:59  Roach x3  
  92  7:04  Overlord  
  92  7:05  Ravager, Roach  
  95  7:15  Extractor, Roach  
  96  7:16  Roach  
  98  7:26  Overlord, Roach  
  98  7:29  Hydralisk  
  100  7:31  Roach x2  
  100  7:37  Roach  
  108  7:39  Roach, Drone  
  111  7:47  Overlord  
  111  7:48  Drone  
  111  7:49  Drone  
  113  7:53  Extractor  
  113  7:55  Extractor  
  113  7:56  Glial Reconstitution  
  113  7:58  Drone  
  112  7:59  Drone  
  112  8:00  Drone  
  112  8:02  Roach  
  112  8:03  Roach, Drone  
  112  8:04  Pneumatized Carapace, Spine Crawler  
  118  8:07  Spine Crawler  
  118  8:08  Overlord  
  118  8:10  Infestor  
  118  8:11  Drone  
  120  8:14  Baneling Nest  
  120  8:18  Overseer  
  120  8:19  Drone  
  122  8:21  Hydralisk, Drone  
  119  8:30  Drone  
  119  8:32  Hydralisk, Drone  
  119  8:33  Hydralisk  
  119  8:34  Zergling x2, Overlord  
  123  8:41  Infestor  
  122  8:44  Drone  
  125  8:56  Overlord  
  125  8:59  Zergling x2  
  119  9:04  Hatchery  
  86  9:18  Zergling x2  
  86  9:21  Zergling x2, Drone  
  86  9:23  Drone  
  81  9:32  Drone  
  81  9:38  Ravager, Drone  
  84  9:39  Drone  
  84  9:40  Infestor  
  84  9:42  Hatchery  
  84  9:44  Drone  
  87  9:54  Drone  
  88  10:05  Drone  
  89  10:09  Roach, Drone x2  
  93  10:14  Baneling  
  93  10:15  Zergling x2  
  93  10:17  Drone  
  95  10:23  Baneling  
  95  10:25  Baneling  
  95  10:26  Zergling x2  
  95  10:27  Hydralisk  
  98  10:37  Drone  
  98  10:38  Drone  
  98  10:41  Hydralisk, Drone x2  
  104  10:47  Drone  
  105  10:50  Drone  
  105  10:53  Drone  
  107  10:58  Drone  
  107  11:01  Hive  
  108  11:15  Extractor  
  108  11:17  Drone  
  108  11:18  Extractor  
  107  11:19  Drone  
  107  11:20  Roach x2  
  107  11:23  Roach  
  114  11:26  Hatchery  
  114  11:28  Roach  
  114  11:29  Drone  
  114  11:30  Roach  
  118  11:32  Hydralisk  
  118  11:36  Hydralisk  
  118  11:39  Drone  
  124  11:40  Drone  
  124  11:41  Drone x2  
  124  11:45  Roach, Drone x2  
  130  11:50  Overlord  
  130  11:52  Roach  
  130  11:53  Roach  
  134  12:05  Zergling x2, Roach x2  
  134  12:06  Spine Crawler  
  132  12:12  Zergling x2  
  132  12:13  Roach  
  132  12:14  Roach  
  127  12:16  Roach x3  
  127  12:17  Ultralisk Cavern  
  124  12:23  Roach  
  124  12:24  Roach  
  124  12:25  Hydralisk  
  115  12:33  Hydralisk  
  115  12:34  Hydralisk  
  115  12:37  Hydralisk, Roach  
  111  12:44  Drone  
  111  12:45  Drone  
  111  12:46  Extractor  
  111  12:47  Drone  
  111  12:48  Spine Crawler, Lair, Drone  
  111  12:49  Drone, Roach  
  111  12:50  Drone  
  112  12:55  Drone  
  112  12:56  Drone  
  114  12:59  Drone  
  114  13:00  Roach  
  114  13:01  Spine Crawler  
  117  13:05  Drone  
  117  13:06  Spine Crawler  
  117  13:07  Ultralisk, Queen  
  117  13:09  Drone  
  117  13:11  Hydralisk  
  127  13:16  Ultralisk  
  133  13:22  Baneling  
  133  13:23  Baneling, Zergling x2  
  133  13:24  Baneling  
  133  13:25  Zergling x2  
  141  13:29  Drone  
  141  13:30  Drone  
  141  13:32  Drone  
  141  13:36  Drone x2  
  138  13:43  Drone  
Tags
 
Add a new tag
Caveats
  • Supply blocks, unpowered buildings, or Contaminate may cause inaccurate times.
  • Supply counts are checked every 10 seconds.